 Dungeon Crawl Stone Soup version 0.25-a0-504-g768f60da87 (webtiles) character file.

Game seed: 1819856255561150312, levelgen mode: deterministic

567 Crag the Slasher (level 7, -2/67 HPs)
             Began as a Kobold Berserker on Feb 14, 2020.
             Was a Believer of Trog.
             Slain by a scorpion (3 damage)
             ... on level 5 of the Dungeon.
             The game lasted 00:12:57 (4347 turns).

Crag the Slasher (Kobold Berserker)                 Turns: 4347, Time: 00:12:57

Health: -2/67      AC:  7    Str: 23    XL:     7   Next: 59%
Magic:  6/6        EV: 17    Int:  9    God:    Trog [**....]
Gold:   246        SH:  0    Dex: 14    Spells: 6/6 levels left

rFire    . . .     SeeInvis .   a - +0 falchion
rCold    . . .     Gourm    .   (shield restricted)
rNeg     . . .     Faith    .   f - +0 leather armour
rPois    .         Spirit   .   m - +0 helmet
rElec    .         Reflect  .   v - +0 cloak
rCorr    .         Harm     .   h - +0 pair of gloves
MR       .....     Rnd*Tele +   (no boots)
Stlth    ..........             (no amulet)
HPRegen  0.21/turn              p - ring of teleportation (curse)
MPRegen  0.10/turn              (no ring)

@: berserking, lethally poisoned (-2 -> -3), very quick
A: small, rugged brown scales 1, carnivore, low mp 1, strong 1, evolution 2
a: Berserk, Trog's Hand, Renounce Religion


You were on level 5 of the Dungeon.
You worshipped Trog.
Trog was pleased with you.
You were very full.

You visited 1 branch of the dungeon, and saw 5 of its levels.

You collected 246 gold pieces.

Inventory:

Hand Weapons
 a - a +0 falchion (weapon)
Armour
 b - a +0 animal skin
 f - a +0 leather armour (worn)
 h - a +0 pair of gloves (worn)
 k - a scarf of spirit shield
 m - a +0 helmet (worn)
 t - a +0 ring mail
 v - a +0 cloak (worn)
Jewellery
 p - a cursed ring of teleportation (left hand)
Wands
 j - a wand of flame (37)
 q - a wand of digging (7)
Scrolls
 d - 10 scrolls of identify
 e - 2 scrolls of fear
 l - a scroll of teleportation
 n - 3 scrolls of remove curse
 o - a scroll of amnesia {unknown}
 s - 2 scrolls of fog {unknown}
 x - a scroll of blinking {unknown}
Potions
 g - 2 potions of lignification {unknown}
 i - 2 potions of mutation
 r - 2 potions of brilliance
 u - a potion of might {unknown}
 w - a potion of ambrosia {unknown}
 z - a potion of agility
Comestibles
 c - 6 rations


   Skills:
 + Level 5.1 Fighting
 + Level 5.2 Long Blades
 - Level 1.6 Armour
 + Level 4.8 Dodging
 - Level 0.5 Stealth


You had 6 spell levels left.
You didn't know any spells.
Your spell library was empty.

Dungeon Overview and Level Annotations

Branches:
Dungeon (5/15)             Temple (0/1) D:5

Altars:
Gozag
Nemelex Xobeh
Vehumet
Wu Jian
Xom
The Shining One

Shops:
D:5 *


Innate Abilities, Weirdness & Mutations

You are small and have problems with some larger weapons.
You are carnivorous and can eat meat at any time.
You are partially covered in rugged brown scales. (AC +1, +3% HP)
Your magical capacity is low. (-10% MP)
Your muscles are strong. (Str +2)
You rapidly evolve.


Message History

Trog accepts your kill.
You closely miss the crimson imp. The crimson imp closely misses you.
The scorpion stings you!
* * * LOW HITPOINT WARNING * * *
You closely miss the scorpion.
You feel sick. The crimson imp completely misses you.
You riposte.
You closely miss the crimson imp. You barely miss the scorpion.
The scorpion stings you.
* * * LOW HITPOINT WARNING * * *
You are too berserk!
You hit the scorpion.
The scorpion is lightly wounded.
The crimson imp blinks!
The scorpion stings you but does no damage.
You closely miss the scorpion.
The scorpion is lightly wounded.
You closely miss the scorpion.
The scorpion is lightly wounded.
The scorpion stings you.
You die...

##...# ########### ##.....
#.........# #......
#.........# #......
#.........# #......
..........#########
#.....#...................
##.......######...........#
#.......#######......#...##
.......5.s@.....##..#<#..#
........#######.##...#...#
"......## #..........##
[....∩. ###........##
###..## ##.#.....## ##.
#.#.....#. ## #.##..##..
#..#..##.. ##.#..#...


You could see a scorpion and a crimson imp.

Vanquished Creatures
  An ice beast (D:5)
  A crimson imp (D:5)
  3 hounds (D:5)
  A jelly (D:5)
  2 centaur skeletons
  A gnoll shaman (D:5)
  3 worker ants
  6 adders
  4 gnolls (D:5)
  A shadow imp (D:5)
  An ooze (D:3)
  A worm (D:2)
  3 dart slugs
  2 leopard geckos (D:3)
  5 orcs
  4 bats
  6 giant cockroaches
  3 goblins
  6 hobgoblins
  4 kobolds
  2 ball pythons (D:1)
  6 frilled lizards
  A leopard gecko skeleton (D:5)
  9 rats
76 creatures vanquished.

Notes
Turn   | Place    | Note
-------+----------+-------------------------------------------
     0 | D:1      | Crag the Kobold Berserker began the quest for the Orb.
     0 | D:1      | Reached XP level 1. HP: 14/14 MP: 1/1
   228 | D:1      | Reached XP level 2. HP: 16/19 MP: 2/2
   667 | D:1      | Reached XP level 3. HP: 22/23 MP: 3/3
  1703 | D:2      | Reached ** piety under Trog
  1750 | D:2      | Reached XP level 4. HP: 29/29 MP: 2/4
  2936 | D:3      | Gained mutation: Your magical capacity is low. (-10% MP)
                  | [potion of mutation]
  2936 | D:3      | Gained mutation: You evolve. [potion of mutation]
  2936 | D:3      | Gained mutation: You rapidly evolve. [potion of mutation]
  2936 | D:3      | Gained mutation: You are partially covered in rugged brown
                  | scales. (AC +1, +3% HP) [potion of mutation]
  2963 | D:4      | Reached XP level 5. HP: 29/33 MP: 4/4
  3166 | D:4      | Gained mutation: Your muscles are strong. (Str +2)
                  | [evolution]
  3632 | D:4      | Found an opulent altar of Gozag.
  3633 | D:4      | Found a sparkling altar of Nemelex Xobeh.
  3639 | D:4      | Found a shimmering altar of Xom.
  3639 | D:4      | Found a glowing golden altar of the Shining One.
  3639 | D:4      | Found a radiant altar of Vehumet.
  3640 | D:4      | Found an ornate altar of the Wu Jian Council.
  3698 | D:5      | Entered Level 5 of the Dungeon
  3748 | D:5      | Found a staircase to the Ecumenical Temple.
  3772 | D:5      | Reached XP level 6. HP: 40/40 MP: 5/5
  3838 | D:5      | Reached XP level 7. HP: 20/45 MP: 6/6
  4279 | D:5      | Reached skill level 5 in Fighting
  4279 | D:5      | Reached skill level 5 in Long Blades
  4313 | D:5      | Found Sias's Assorted Antiques.
  4344 | D:5      | HP: 1/67 [scorpion (4)]
  4347 | D:5      | Slain by a scorpion

Levels and vault maps discovered:
D:1:      dpeg_arrival_renting, layout_basic
D:2:      minmay_general_purpose_star, layout_loops_ring, serial_bayou_ford_a
D:3:      layout_basic
D:4:      layout_loops_ring, minitemple, first_ration, kennysheep_diamond
D:5:      layout_rooms, amethyst_overflow_temple_binary,
          minmay_temple_entry_waves, serial_shops, shop, st_stairs_14

Skill      XL: |  1  2  3  4  5  6  7 |
---------------+----------------------+-----
Long Blades    | 3 4 5 |  5.2
Fighting       | 4 5 |  5.1
Dodging        | 3 4 |  4.8
Armour         | |  1.6
Stealth        | |  0.5

Action                   |  1- 3 |  4- 6 |  7- 9 || total
-------------------------+-------+-------+-------++-------
Melee: Falchion          |   101 |   139 |    72 ||   312
Invok: Berserk           |     1 |     1 |     3 ||     5
       Trog's Hand       |       |       |     1 ||     1
  Use: Scroll            |     2 |     2 |       ||     4
       Potion            |     1 |     5 |       ||     6
 Stab: Sleeping          |     4 |       |     1 ||     5
  Eat: Chunk             |    12 |     8 |     3 ||    23
Armor: Animal skin       |    10 |       |       ||    10
       Leather armour    |     5 |    24 |    22 ||    51
Dodge: Dodged            |    78 |   122 |    52 ||   252
       Rpst.: Falchion   |    26 |    40 |    25 ||    91

Table legend:
 A = Non-vault XP
 B = Vault XP
 C = Vault XP percentage of total XP
 D = Non-vault monster count
 E = Vault monster count
 F = Vault count percentage of total count
                 A         B        C        D         E       F
            +---------+---------+-------+---------+---------+-------
      Total |     754 |      56 |   6.9 |      72 |       4 |   5.3
            +---------+---------+-------+---------+---------+-------
        D:1 |      32 |       0 |   0.0 |      21 |       0 |   0.0
        D:2 |      60 |       3 |   4.8 |      13 |       2 |  13.3
        D:3 |      43 |       0 |   0.0 |      17 |       0 |   0.0
        D:4 |      88 |       3 |   3.3 |       4 |       1 |  20.0
        D:5 |     531 |      50 |   8.6 |      17 |       1 |   5.6
            +---------+---------+-------+---------+---------+-------
